 Dungeon Crawl Stone Soup version 0.27-a0-59-gfbafd837a3 (webtiles) character file.

Game seed: 3294936569762806849

141 Borgoz the Ruffian (level 5, -4/45 HPs)
             Began as a Ghoul Gladiator on Jan 8, 2021.
             Slain by a killer bee (7 damage)
             ... on level 3 of the Dungeon.
             The game lasted 00:02:41 (2203 turns).

Borgoz the Ruffian (Ghoul Gladiator)                Turns: 2203, Time: 00:02:41

Health: -4/45      AC:  7    Str: 17 (18) XL:     5   Next: 24%
Magic:  4/4        EV: 12    Int:  1 (3)  God:
Gold:   177        SH:  0    Dex:  8 (11) Spells: 4/4 levels left

rFire    . . .     SeeInvis .     - Unarmed
rCold    + . .     Faith    .   (no shield)
rNeg     + + +     Spirit   .   i - +0 ring mail
rPois    ∞         Reflect  .   b - +0 helmet
rElec    .         Harm     .   (no cloak)
rCorr    .         Rampage  .   (no gloves)
Will     .....                  j - +0 pair of boots
Stlth    ..........             (no amulet)
HPRegen  0.00/turn              (no ring)
MPRegen  0.09/turn              (no ring)

@: attractive, flying
A: claws 1, cold resistance 1, negative energy resistance 3, inhibited
regeneration, torment resistance, unbreathing
a: no special abilities


You were on level 3 of the Dungeon.
You visited 1 branch of the dungeon, and saw 3 of its levels.

You collected 177 gold pieces.

Inventory:

Missiles
 c - 6 throwing nets (quivered)
Armour
 b - a +0 helmet (worn)
 i - a +0 ring mail (worn)
 j - a +0 pair of boots (worn)
Scrolls
 l - a scroll of enchant weapon
Potions
 d - a potion of flight


   Skills:
 + Level 3.0 Fighting
 - Level 1.7 Throwing
 + Level 1.5 Armour
 * Level 3.7 Dodging
 * Level 4.6 Unarmed Combat


You had 4 spell levels left.
You didn't know any spells.
Your spell library was empty.

Dungeon Overview and Level Annotations

Branches:
Dungeon (3/15)

Altars:


Innate Abilities, Weirdness & Mutations

You thrive by killing the living.
You are immune to poison.
You have sharp fingernails.
Your flesh is cold resistant. (rC+)
You are immune to negative energy. (rN+++)
You do not regenerate when monsters are visible.
You are immune to unholy pain and torment.
You can survive without breathing.


Message History

The killer bee is moderately wounded.
The killer bee barely misses you. The killer bee stings you.
The killer bee barely misses you.
You scratch the killer bee.
The killer bee is severely wounded.
The killer bee stings you.
You barely miss the killer bee. The killer bee barely misses you.
You closely miss the killer bee.
The killer bee is severely wounded.
The killer bee stings you.
* * * LOW HITPOINT WARNING * * *
You closely miss the killer bee. The killer bee stings you.
* * * LOW HITPOINT WARNING * * *
The killer bee stings you.
* * * LOW HITPOINT WARNING * * *
The killer bee closely misses you.
You miss the killer bee. The killer bee misses you. The killer bee stings you.
* * * LOW HITPOINT WARNING * * *
The killer bee stings you!
You die...

##### ..... #$..#
......####...#
.............##
.(..... ..)...#
......## #...?#
.......###....#
.....#(.......####
.....##.#(...yyy@#
..).##y.#####.##y#
†.........#...>Ky.#
#.............?...#
..................#
.))...............#
..#...............#
..)...............#
###...............#


You could see 5 killer bees and a kobold.

Vanquished Creatures
  4 adders
  3 gnolls (D:2)
  An ooze (D:1)
  A worm (D:2)
  3 dart slugs
  3 leopard geckos
  3 orcs (D:3)
  A ball python (D:1)
  6 bats
  8 goblins
  8 hobgoblins
  2 jackals (D:2)
  4 kobolds
  3 quokkas (D:2)
  2 frilled lizards
  4 rats
56 creatures vanquished.

Notes
Turn   | Place    | Note
-------+----------+-------------------------------------------
     0 | D:1      | Borgoz the Ghoul Gladiator began the quest for the Orb.
     0 | D:1      | Reached XP level 1. HP: 17/17 MP: 0/0
   251 | D:1      | Reached XP level 2. HP: 25/25 MP: 1/1
   864 | D:2      | Reached XP level 3. HP: 22/30 MP: 2/2
  1030 | D:2      | Reached skill level 1 in Armour
  1030 | D:2      | Reached skill level 4 in Unarmed Combat
  1073 | D:2      | Reached XP level 4. HP: 14/37 MP: 3/3
  2021 | D:3      | Reached XP level 5. HP: 44/44 MP: 4/4
  2203 | D:3      | Slain by a killer bee

Illustrated notes

Levels and vault maps discovered:
D:1:      nzn_arrival_depleted_hourglass, layout_basic
D:2:      layout_loops_ring
D:3:      layout_rooms, uniq_crazy_yiuf_cottage

Skill      XL: |  1  2  3  4  5 |
---------------+----------------+-----
Dodging        | 3 |  3.7
Armour         | 1 |  1.5
Unarmed Combat | 4 |  4.6
Fighting       | 3 |  3.0
Throwing       | |  1.7

Action                   |  1- 3 |  4- 6 || total
-------------------------+-------+-------++-------
Melee: Unarmed           |    74 |   128 ||   202
       Punch             |       |     4 ||     4
  Use: Scroll            |     3 |     3 ||     6
       Potion            |       |     7 ||     7
Armor: Leather armour    |    24 |    20 ||    44
       Ring mail         |       |    48 ||    48
Dodge: Dodged            |    54 |    96 ||   150

Table legend: (Time is in decaauts)
 A = Elapsed time spent in this place.
 B = Non-inter-level travel time spent in this place.
 C = Inter-level travel time spent in this place.
 D = Time resting spent in this place.
 E = Time spent auto-exploring this place.
 F = Levels seen in this place.
 G = Mean time per level.
                   A        B        C        D        E       F      G
               +--------+--------+--------+--------+--------+-----+--------+
         Total |   2186 |   2161 |     25 |    482 |   1260 |   3 |  728.7 |
       Dungeon |   2186 |   2161 |     25 |    482 |   1260 |   3 |  728.7 |
               +--------+--------+--------+--------+--------+-----+--------+

Top non-repeatable levels by time:
     D:2: 1150 daAuts
     D:1: 845 daAuts
     D:3: 189 daAuts
